 Dungeon Crawl Stone Soup version 0.20-a0-351-gc9b4002 (webtiles) character file.

1861140 ThermosAquaticus the Wrestler (level 27, 292/292 HPs)
             Began as a Troll Monk on Dec 25, 2016.
             Was the Champion of Okawaru.
             Escaped with the Orb
             ... and 3 runes on Dec 26, 2016!
             The game lasted 03:53:57 (61544 turns).

ThermosAquaticus the Wrestler (Troll Monk)         Turns: 61544, Time: 03:53:58

Health: 292/292    AC: 37    Str: 27    XL:     27
Magic:  30/30      EV: 25    Int: 11    God:    Okawaru [******]
Gold:   6596       SH: 32    Dex: 19    Spells: 24/26 levels left

rFire  + + +     SeeInvis .       - Unarmed
rCold  + + +     Gourm    +     G - +9 gold dragon scales
rNeg   + . .     Faith    .     J - +8 large shield of the Gardener {rF+ Str-5 Int+3 Dex+3}
rPois  +         Spirit   +     u - +1 hat {Spirit}
rElec  +         Reflect  .     Y - +1 cloak of Starlight {rElec rC+ EV+4 Stlth--}
rCorr  .         Harm     .     (gloves unavailable)
MR     +++++     Clarity  +     (boots unavailable)
Stlth  ..........               R - amulet of the Four Winds {rN+ MR+++ Clar}
                                m - ring of Shaolin {EV+8}
                                I - ring of Dim Light {+Inv rF+ rC+ Int+4}

@: no status effects
A: unfitting armour, claws 3, dopey 1, fast metabolism 3, gourmand, regeneration
1, shaggy fur 1, tough skin 2
0: Orb of Zot
}: 3/15 runes: barnacled, silver, gossamer
a: Heroism, Finesse, Renounce Religion, Evoke Invisibility


You escaped.
You worshipped Okawaru.
Okawaru was exalted by your worship.
You were not hungry.

You visited 11 branches of the dungeon, and saw 53 of its levels.
You visited 1 bazaar.
You also visited: Ice Cave and Wizlab.

You collected 8362 gold pieces.
You spent 1766 gold pieces at shops.

Inventory:

Hand Weapons
 y - a +0 blowgun
Missiles
 t - 18 curare-tipped needles
 v - 168 large rocks
 x - 9 throwing nets (quivered)
Armour
 u - a +1 hat of spirit shield (worn)
 G - +9 gold dragon scales (worn)
 J - the +8 large shield of the Gardener (worn) {rF+ Str-5 Int+3 Dex+3}
   (Okawaru gifted it to you on level 4 of the Vaults)

   It affects your strength (-5).
   It affects your intelligence (+3).
   It affects your dexterity (+3).
   It protects you from fire.
 O - the +4 large shield of Okawaru's Delight {rCorr Str+4 Dex+3}
   (Okawaru gifted it to you on level 2 of the Crypt)

   It affects your strength (+4).
   It affects your dexterity (+3).
   It protects you from acid and corrosion.
 Y - the +1 cloak of Starlight (worn) {rElec rC+ EV+4 Stlth--}
   (You found it on level 5 of the Vaults)

   It affects your evasion (+4).
   It protects you from cold.
   It insulates you from electricity.
   It makes you much less stealthy.
Rods
 c - a +2 rod of ignition (9/9)
   (You took it off an ironheart preserver on level 4 of the Vaults)
Jewellery
 m - the ring of Shaolin (right claw) {EV+8}
   (You took it off a deep elf demonologist on level 3 of the Elven Halls)

   [ring of evasion]

   It affects your evasion (+8).
 q - an uncursed ring of resist corrosion
 H - an uncursed ring of see invisible
 I - the ring of Dim Light (left claw) {+Inv rF+ rC+ Int+4}
   (You bought it in a shop on level 2 of the Elven Halls)

   [ring of protection from cold]

   It affects your intelligence (+4).
   It protects you from fire.
   It protects you from cold.
   It lets you turn invisible.
 R - the amulet of the Four Winds (around neck) {rN+ MR+++ Clar}
   (You found it on level 12 of the Dungeon)

   [amulet of nothing]

   It protects you from negative energy.
   It affects your resistance to hostile enchantments.
   It protects you against confusion.
 X - a +5 ring of protection
Wands
 i - a wand of digging (10/24)
 E - a wand of disintegration (14/24)
 P - a wand of acid (5/15)
Scrolls
 e - 6 scrolls of fear
 l - 24 scrolls of teleportation
 n - 6 scrolls of fog
 p - 13 scrolls of remove curse
 s - 8 scrolls of magic mapping
 C - 6 scrolls of blinking
 F - 10 scrolls of recharging
 L - 2 scrolls of summoning
 M - 24 scrolls of identify
 Z - a scroll of silence
Potions
 d - 5 potions of might
 g - 24 potions of curing
 h - 13 potions of brilliance
 k - a potion of cure mutation
 o - 4 potions of magic
 A - 5 potions of berserk rage
 B - 7 potions of agility
 D - 10 potions of haste
 K - 3 potions of ambrosia
 N - a potion of cancellation
 Q - 11 potions of heal wounds
 S - 13 potions of flight
 T - a potion of invisibility
 W - 8 potions of resistance
Miscellaneous
 a - a phial of floods
 w - a lamp of fire
Comestibles
 b - 22 bread rations
 f - 2 royal jellies
 j - 23 meat rations
 r - 12 beef jerkies
 z - 72 fruits


   Skills:
 - Level 20.3 Fighting
 + Level 18.1 Armour
 + Level 16.4 Dodging
 - Level 1.0 Stealth
 + Level 19.8 Shields
 - Level 22.0 Unarmed Combat
 - Level 11.0 Invocations
 - Level 11.1 Evocations


You had 24 spell levels left.
You knew the following spells:

 Your Spells              Type           Power        Failure   Level  Hunger
a - Apportation           Tloc           #.........   100%        1    ##.....
b - Summon Butterflies    Summ           #.......     100%        1    ##.....


Dungeon Overview and Level Annotations

Branches:
Dungeon (15/15)            Temple (1/1) D:4            Lair (6/6) D:8
 Shoals (4/4) Lair:3       Spider (4/4) Lair:2        Slime (0/5) Lair:6
    Orc (2/2) D:11            Elf (3/3) Orc:2        Vaults (5/5) D:14
  Crypt (3/3) Vaults:3       Tomb (0/3) Crypt:3      Depths (5/5) D:15
    Zot (5/5) Depths:5

Altars:
Ashenzari
Cheibriados
Dithmenos
Elyvilon
Gozag
Hepliaklqana
Kikubaaqudgha
Makhleb
Okawaru
Qazlal
Ru
Sif Muna
Uskayaw
Vehumet
Xom
Yredelemnul
Zin
The Shining One
Beogh
Jiyva
Lugonu

Shops:
D:11 [   Orc:2 :%*:[   Elf:1 %   Elf:2 =(   Shoals:3 :*!![   Vaults:1 %
Vaults:2 [(%[   Vaults:4 %   Depths:5 (([[

Portals:
Hell: Depths:1 Depths:2 Depths:3 Depths:4 Depths:5
Abyss: Depths:3 Depths:4 Depths:5
Pandemonium: Orc:2 Depths:2 Depths:3
Ziggurat: Depths:3
Trove: Vaults:2 (give 8 potions of agility)

Annotations:
Lair:3 exclusion: oklob plant
Depths:2 exclusion: shining eye


Innate Abilities, Weirdness & Mutations

You are too large for most types of armour.
You have claws for hands.
Your metabolism is lightning-fast.
You like to eat raw meat.
Your natural rate of healing is unusually fast.
You are covered in fur. (AC +1)
You have very tough skin. (AC +2)
You are dopey. (Int -2)


Message History

The soul eater draws from the surrounding life force!
You claw the soul eater!
The soul eater is moderately wounded.
You scratch the soul eater but do no damage.
The soul eater is moderately wounded.
You block the soul eater's attack.
You scratch the soul eater but do no damage.
The soul eater is moderately wounded.
You eviscerate the soul eater!!!
You kill the soul eater!
No target in view!
No target in view!
A rat comes into view.
You block the rat's attack.
You eviscerate the rat!!!
You kill the rat!
There is a staircase leading out of the dungeon here.
You feel better.
Okay, then.
You have escaped!

##.###......#..........##.#....
#...#.#......#.#......#.#....#.
#...#..#......#......#..#......
#...#...#....#.#....#...#.....#
#...#....#..#...#..#....#.....#
#...#.....##.....##.....#.....#
###...#.....#...#...#.....#.....#
#..........#.....#...#.#..#......
#.....#...#.#...@.#...#..........
#.....#..#...#...#...#.#..#......
#.....#.....#.#.#†..#...#.#......
#.....#....#...#...#.#....#......
#.....#...#...#...#...#...#......
#.....#..#.......#.....#..##.....
#.....#.#.......#.......#.##.....
#...#.##.................###.....
#...#.##########.######### #.....


There were no monsters in sight!

Vanquished Creatures
  9 ancient liches
  Mara (Crypt:3)
  2 orbs of fire (Zot:5)
  A juggernaut (Depths:5)
  Boris (twice) (Vaults:4 Vaults:5)
  3 Killer Klowns
  A pandemonium lord (Depths:1)
  2 curse toes
  Nikola (Vaults:1)
  12 golden dragons
  Jory (Crypt:3)
  Arachne (Spider:4)
  the Enchantress (Depths:4)
  2 bone dragons
  2 profane servitors
  3 electric golems (Zot:5)
  A Cloud Mage (WizLab)
  Jorgrun (Vaults:4)
  18 tentacled monstrosities
  Asterion (Vaults:1)
  4 liches
  A deep elf blademaster (Elf:2)
  21 Orb Guardians
  4 titans
  Polyphemus (Shoals:3)
  A kraken (Shoals:4)
  An Executioner (D:15)
  An ancient champion (Crypt:3)
  4 sphinxes
  Gastronok (D:11)
  6 death cobs
  Donald (Orc:2)
  7 shadow dragons
  6 tengu reavers
  17 storm dragons
  Kirke (D:14)
  6 draconian monks
  A storm dragon (shapeshifter) (Vaults:4)
  The ghost of Jano the Bludgeoner, an adept GrBe of Trog (Spider:1)
  9 fire giants
  Ilsuiw (Shoals:3)
  2 revenants (Crypt:3)
  9 deep elf sorcerers
  3 iron dragons
  7 emperor scorpions
  11 frost giants
  6 draconian knights
  5 draconian scorchers
  8 ghost moths
  4 large abominations
  18 vault wardens
  7 draconian shifters
  A balrug (Depths:5)
  3 orc warlords (Orc:1)
  A ghoul (Crypt:3)
  6 deep elf elementalists
  5 draconian stormcallers
  A caustic shrike zombie (Crypt:2)
  19 ironheart preservers
  5 draconian annihilators
  23 very ugly things
  2 war gargoyles
  9 entropy weavers
  5 spriggan defenders (Depths:4)
  31 stone giants
  7 vampire knights
  8 deep elf demonologists
  11 green draconians
  Nessos (D:14)
  10 black draconians
  15 purple draconians
  15 white draconians
  14 yellow draconians
  7 spark wasps
  12 red draconians
  10 deep elf annihilators
  4 dire elephants (Lair:6)
  6 small abominations
  A blizzard demon (Depths:3)
  19 ettins
  Snorg (D:13)
  8 merfolk javelineers
  13 deep elf death magi
  An eidolon (Crypt:2)
  20 jiangshi
  8 merfolk impalers
  Josephine (Lair:4)
  16 yaktaur captains
  10 great orbs of eyes
  12 fire dragons
  10 deep elf high priests
  5 hydras
  15 ice dragons
  Erolcha (Orc:2)
  2 hell beasts
  10 rakshasas
  33 vault guards
  6 spriggan air magi
  An anaconda (Lair:6)
  5 merfolk avatars
  Erica (D:11)
  2 catoblepae
  47 two-headed ogres
  9 centaur warriors
  5 death yaks
  7 death knights
  6 satyrs
  9 deep troll shamans
  4 merfolk aquamancers
  6 tengu warriors
  9 deep troll earth magi
  A spectral stone giant (Crypt:3)
  A two-headed ogre (shapeshifter) (Depths:5)
  A queen ant (D:13)
  The ghost of Soeti the Blocker, a journeyman GrFi of Makhleb (D:9)
  7 vampire magi
  35 dancing weapons
  3 spriggan berserkers (Depths:5)
  8 orc high priests
  A shock serpent (shapeshifter) (Depths:2)
  13 ogre magi
  2 soul eaters
  Urug (D:12)
  A sun demon (D:15)
  2 storm dragon zombies
  Nergalle (Lair:1)
  19 deep elf knights
  Sonja (D:12)
  30 skeletal warriors
  5 hell knights (Depths:2)
  7 shadow wraiths
  An iron troll (Depths:2)
  A storm dragon skeleton (Crypt:2)
  2 sixfirhies
  4 unseen horrors
  10 flayed ghosts
  2 torturous demonspawn
  22 deep trolls
  11 sea snakes
  3 infernal demonspawn (Orc:2)
  An unseen horror (shapeshifter) (Vaults:4)
  7 wizards
  A death drake (shapeshifter) (Vaults:4)
  A swamp dragon (shapeshifter) (Vaults:2)
  10 deep elf archers
  6 glowing orange brains
  A lindwurm (Lair:5)
  22 ironbrand convokers
  25 harpies
  20 orc knights
  14 orb spiders
  7 phantasmal warriors
  A sphinx zombie (Vaults:2)
  40 ugly things
  8 orc sorcerers
  6 necromancers
  6 manticores
  16 fauns
  A hell hog zombie (Crypt:1)
  18 wolf spiders
  A tengu skeleton (Depths:4)
  3 salamanders (shapeshifter)
  11 cyclopes
  A salamander (Depths:5)
  26 moths of wrath
  A shadow dragon skeleton (Depths:4)
  62 deep elf magi
  14 merfolk sirens
  A dire elephant zombie (Crypt:1)
  Maurice (D:11)
  A sphinx skeleton (Depths:4)
  A fire giant skeleton (Depths:4)
  15 vault sentinels
  12 elephants
  3 black mambas
  An eye of devastation (shapeshifter) (Depths:4)
  An elephant (shapeshifter) (Depths:4)
  2 rust devils
  An orange demon (Depths:3)
  2 ice statues (IceCv)
  5 gargoyles
  8 water nymphs
  A spiny frog (shapeshifter) (Vaults:4)
  2 hellions
  10 spiny frogs
  2 titan simulacra
  An emperor scorpion zombie (Crypt:2)
  A swamp worm zombie (Crypt:2)
  8 demonic crawlers
  14 freezing wraiths
  4 rime drakes
  A yaktaur (shapeshifter) (Elf:2)
  12 trolls
  6 komodo dragons
  A hydra zombie (Crypt:3)
  3 ice devils
  A ghost moth simulacrum (Crypt:1)
  A queen bee (D:15)
  66 yaktaurs
  4 hellwings
  A komodo dragon (shapeshifter) (D:13)
  A red devil (Depths:2)
  28 merfolk
  A jumping spider (shapeshifter) (Vaults:4)
  6 harpy zombies (Shoals:3)
  A yellow draconian skeleton (Crypt:1)
  4 tengu conjurers
  10 wind drakes
  A queen bee (shapeshifter) (Vaults:5)
  3 polar bears
  A wind drake (shapeshifter) (D:14)
  A hornet (shapeshifter) (Vaults:2)
  27 jumping spiders
  9 snapping turtles
  3 bog bodies (Crypt:2)
  31 slime creatures
  3 blink frogs (Lair:6)
  A raiju (shapeshifter) (Vaults:4)
  7 hippogriffs
  A hippogriff (shapeshifter) (Vaults:2)
  12 hornets
  6 dream sheep
  An alligator zombie (Crypt:2)
  A fire dragon skeleton (Crypt:1)
  4 spriggans
  2 shadows
  An elf skeleton (Depths:4)
  58 redbacks
  A centaur simulacrum (D:14)
  23 tarantellas
  An ice dragon skeleton (Crypt:1)
  50 flying skulls
  6 wyverns
  A vampire (D:12)
  27 air elementals (WizLab)
  41 yaks
  A basilisk (shapeshifter) (Vaults:2)
  3 hogs (D:14)
  A yak (shapeshifter) (Vaults:4)
  17 wraiths
  7 basilisks
  2 fire elementals (Elf:3)
  19 water elementals
  Eustachio (D:5)
  A neqoxec (Depths:5)
  A catoblepas simulacrum (Crypt:3)
  2 hungry ghosts
  7 chaos spawn
  7 wargs
  16 insubstantial wisps
  15 vampire mosquitoes
  9 soldier ants (D:13)
  A water moccasin (shapeshifter) (Vaults:2)
  12 water moccasins
  A two-headed ogre zombie (Crypt:2)
  6 hell hounds
  Duvessa (D:4)
  3 acid dragons
  7 porcupines
  5 black bears
  A swamp drake (Lair:2)
  65 orc warriors
  3 sky beasts
  6 phantoms
  26 ice beasts
  An ice beast (shapeshifter) (Vaults:4)
  32 ogres
  6 necrophages
  A tengu (shapeshifter) (Depths:5)
  16 boggarts
  A snapping turtle skeleton (Crypt:1)
  3 wolves
  13 centaurs
  An elephant skeleton (Crypt:1)
  17 crocodiles
  6 big kobolds
  Blork the orc (D:5)
  2 elf zombies
  19 bullfrogs
  A gnoll sergeant (D:8)
  A wyvern zombie (D:14)
  A hippogriff skeleton (Crypt:1)
  A water moccasin zombie (D:7)
  A hornet simulacrum (D:14)
  2 wyvern skeletons
  2 water moccasin skeletons
  Dowan (D:4)
  3 scorpions
  30 killer bees
  2 human simulacra
  25 wights
  A troll skeleton (D:11)
  4 electric eels
  3 howler monkeys
  A howler monkey (shapeshifter) (Depths:2)
  A lava snake (Lair:5)
  9 crimson imps
  A centaur zombie (D:9)
  2 bullfrog zombies
  10 centaur skeletons
  Crazy Yiuf (D:2)
  40 orc priests
  10 hounds
  5 jellies
  5 human zombies
  2 bullfrog skeletons (D:11)
  A gnoll shaman (D:6)
  25 orc wizards
  2 human skeletons
  2 iguanas
  23 worker ants
  A killer bee zombie (D:7)
  A dwarf skeleton (Crypt:2)
  A naga skeleton (Crypt:2)
  A felid skeleton (Crypt:1)
  A hound zombie (D:5)
  2 hound skeletons
  2 mummies (D:11)
  A howler monkey zombie (D:10)
  Robin (D:4)
  12 adders
  13 gnolls
  7 shadow imps
  A white imp (D:15)
  An ufetubus (D:2)
  2 oozes
  An adder skeleton (D:9)
  A lava snake skeleton (Crypt:1)
  5 worms
  A dart slug (D:1)
  7 leopard geckos
  137 orcs
  6 bats
  6 giant cockroaches
  12 goblins
  9 hobgoblins
  6 jackals
  32 kobolds
  9 quokkas
  3 ball pythons
  3 frilled lizards
  A jackal skeleton (D:6)
  2 jackal zombies
  2 leopard gecko skeletons
  3 orc zombies (D:11)
  A quokka skeleton (D:6)
  7 rats
  A rat skeleton (Crypt:2)
  7 crawling corpses (Vaults:5)
  4 plants (Lair:6)
  4 tentacles (Shoals:4)
2767 creatures vanquished.

Vanquished Creatures (others)
  A golden dragon (Zot:4)
  A lich (Depths:1)
  A draconian knight (Zot:4)
  A spark wasp (Depths:2)
  An ogre mage (Vaults:1)
  Fannar (D:11)
  2 deep elf magi
  A moth of wrath (Zot:5)
  A yaktaur (Depths:3)
  A tengu conjurer (Depths:1)
  A ynoxinul (Depths:2)
  A redback (Spider:4)
  An ogre (Vaults:3)
  2 boggarts (Vaults:1)
  A rat (shapeshifter) (Vaults:5)
  3 fungi
  23 plants
  9 tentacles (Shoals:4)
52 creatures vanquished.

Grand Total: 2819 creatures vanquished

Notes
Turn   | Place    | Note
-------+----------+-------------------------------------------
     0 | D:1      | ThermosAquaticus the Troll Monk began the quest for the Orb.
     0 | D:1      | Reached XP level 1. HP: 22/22 MP: 0/0
   228 | D:1      | Reached XP level 2. HP: 29/29 MP: 1/1
   253 | D:1      | Reached skill level 4 in Unarmed Combat
   561 | D:1      | Reached XP level 3. HP: 36/36 MP: 2/2
   595 | D:2      | Found a faded altar of an unknown god.
   888 | D:2      | Reached XP level 4. HP: 42/44 MP: 3/3
  1073 | D:2      | Reached skill level 5 in Unarmed Combat
  1091 | D:2      | Found a runed door.
  1095 | D:2      | Noticed Crazy Yiuf
  1102 | D:2      | Killed Crazy Yiuf
  1215 | D:2      | Found a snail-covered altar of Cheibriados.
  1494 | D:3      | Reached XP level 5. HP: 46/50 MP: 4/4
  1498 | D:3      | Reached skill level 6 in Unarmed Combat
  2150 | D:4      | You fall through a shaft!
  2150 | D:5      | Entered Level 5 of the Dungeon
  2192 | D:5      | Noticed Blork the orc
  2220 | D:5      | Killed Blork the orc
  2220 | D:5      | Reached skill level 7 in Unarmed Combat
  2220 | D:5      | Reached XP level 6. HP: 41/59 MP: 5/5
  2421 | D:5      | Noticed Eustachio
  2431 | D:5      | Killed Eustachio
  2431 | D:5      | Reached skill level 8 in Unarmed Combat
  2431 | D:5      | Reached XP level 7. HP: 66/66 MP: 6/6
  2537 | D:5      | Reached skill level 9 in Unarmed Combat
  2708 | D:5      | Found a glowing silver altar of Zin.
  3255 | D:5      | Reached XP level 8. HP: 74/74 MP: 7/7
  3391 | D:6      | Reached skill level 10 in Unarmed Combat
  4429 | D:4      | Reached skill level 11 in Unarmed Combat
  4466 | D:4      | Noticed Dowan
  4474 | D:4      | Killed Dowan
  4474 | D:4      | Reached XP level 9. HP: 83/85 MP: 8/8
  4475 | D:4      | Found a staircase to the Ecumenical Temple.
  4475 | D:4      | Noticed Duvessa
  4486 | D:4      | Killed Duvessa
  4510 | Temple   | Entered the Ecumenical Temple
  4517 | Temple   | Became a worshipper of Warmaster Okawaru
  4517 | Temple   | Reached * piety under Okawaru
  4517 | Temple   | Reached ** piety under Okawaru
  4538 | D:4      | Found a hide-covered altar of Uskayaw.
  4545 | D:4      | Found an opulent altar of Gozag.
  4550 | D:4      | Found a sacrificial altar of Ru.
  4551 | D:4      | Found a stormy altar of Qazlal.
  4650 | D:4      | Reached skill level 5 in Fighting
  4765 | D:4      | Reached skill level 1 in Invocations
  4890 | D:4      | Noticed Robin
  4909 | D:4      | Killed Robin
  5552 | D:7      | Reached *** piety under Okawaru
  5638 | D:7      | You fall through a shaft for 3 floors!
  5638 | D:10     | Entered Level 10 of the Dungeon
  5876 | D:9      | Found a shimmering altar of Xom.
  5876 | D:9      | Noticed Soeti's ghost (journeyman GrFi)
  5881 | D:9      | Killed Soeti's ghost
  5881 | D:9      | Reached skill level 12 in Unarmed Combat
  5881 | D:9      | Reached XP level 10. HP: 70/96 MP: 8/12
  5952 | D:9      | Reached **** piety under Okawaru
  5994 | D:9      | Reached skill level 5 in Invocations
  6318 | D:8      | Found a shadowy altar of Dithmenos.
  6721 | D:8      | Noticed a two-headed ogre
  6735 | D:8      | Killed a two-headed ogre
  6735 | D:8      | Reached ***** piety under Okawaru
  6752 | D:8      | Found a staircase to the Lair.
  6840 | D:8      | Noticed a two-headed ogre
  6855 | D:8      | Killed a two-headed ogre
  6855 | D:8      | Reached skill level 13 in Unarmed Combat
  7326 | D:9      | Noticed a gargoyle
  7417 | D:8      | Received a gift from Okawaru
  7423 | D:8      | Reached XP level 11. HP: 55/105 MP: 14/14
  7731 | D:9      | Received a gift from Okawaru
  7959 | D:9      | Noticed a two-headed ogre
  7971 | D:9      | Killed a two-headed ogre
  8742 | D:10     | Noticed a two-headed ogre
  8759 | D:10     | Killed a two-headed ogre
  8759 | D:10     | Reached skill level 14 in Unarmed Combat
  8867 | D:10     | Reached skill level 5 in Armour
  8888 | D:10     | Found a snail-covered altar of Cheibriados.
  9136 | D:10     | Noticed a centaur warrior
  9145 | D:10     | Killed a centaur warrior
  9179 | D:10     | Received a gift from Okawaru
  9320 | D:10     | Noticed a catoblepas
  9328 | D:10     | Killed a catoblepas
  9337 | D:10     | Got a smoking silver ring
  9338 | D:10     | Identified the ring of Creativity {rC+ Int+4} (You found it on level 10 of the Dungeon)
  9650 | Lair:1   | Entered Level 1 of the Lair of Beasts
  9882 | Lair:1   | Noticed Nergalle
  9884 | Lair:1   | Noticed an eight-headed hydra
  9891 | Lair:1   | Killed Nergalle
  9898 | Lair:1   | Killed an eight-headed hydra
  9898 | Lair:1   | Reached ****** piety under Okawaru
  9898 | Lair:1   | Received a gift from Okawaru
  9898 | Lair:1   | Reached XP level 12. HP: 117/118 MP: 15/15
 10073 | Lair:1   | Reached skill level 1 in Shields
 10138 | Lair:1   | Got a scorched cloak
 10397 | Lair:1   | Identified the +1 cloak "Netus" {Str+4} (You found it on level 1 of the Lair of Beasts)
 10548 | Lair:1   | Reached skill level 5 in Shields
 11088 | Lair:2   | Found a hole to the Spider Nest.
 11148 | Lair:2   | Found a white marble altar of Elyvilon.
 11771 | Lair:3   | Noticed a seven-headed hydra
 11781 | Lair:3   | Killed an 11-headed hydra
 11781 | Lair:3   | Received a gift from Okawaru
 12009 | Lair:3   | Found a staircase to the Shoals.
 12031 | Lair:3   | Noticed a four-headed hydra
 12046 | Lair:3   | Killed an eight-headed hydra
 12318 | Lair:4   | Noticed a six-headed hydra
 12318 | Lair:4   | Reached XP level 13. HP: 125/126 MP: 16/16
 12561 | Lair:4   | Identified a scroll of acquirement
 12614 | Lair:4   | Noticed Josephine
 12668 | Lair:4   | Killed Josephine
 13248 | Lair:5   | Reached skill level 10 in Shields
 13382 | Lair:5   | Received a gift from Okawaru
 14092 | Lair:6   | Entered Level 6 of the Lair of Beasts
 14373 | Lair:6   | Reached skill level 15 in Unarmed Combat
 14700 | Lair:6   | Found a staircase to the Slime Pits.
 14701 | Lair:6   | Found a viscous altar of Jiyva.
 15009 | Lair:6   | Reached XP level 14. HP: 120/133 MP: 16/18
 15047 | Lair:6   | Received a gift from Okawaru
 15505 | D:11     | Noticed Erica
 15514 | D:11     | Killed Erica
 15523 | D:11     | Noticed Gastronok
 15534 | D:11     | Killed Gastronok
 15596 | D:11     | Found Soyxag's Antique Armour Emporium.
 15664 | D:11     | Found a roughly hewn altar of Beogh.
 15664 | D:11     | Found a staircase to the Orcish Mines.
 15665 | D:11     | Noticed Maurice
 15704 | D:11     | Killed Maurice
 15846 | D:11     | Noticed Fannar
 15859 | D:11     | Killed Fannar
 16129 | D:11     | Found Rumeawosh's Armour Boutique.
 16207 | D:11     | Found a basalt altar of Yredelemnul.
 16339 | D:11     | Received a gift from Okawaru
 16611 | Orc:1    | Entered Level 1 of the Orcish Mines
 16724 | Orc:1    | Reached skill level 16 in Unarmed Combat
 17046 | Orc:1    | Noticed an orc warlord
 17058 | Orc:1    | Noticed an orc warlord
 17081 | Orc:1    | Noticed an orc warlord
 17141 | Orc:1    | Killed an orc warlord
 17148 | Orc:1    | Killed an orc warlord
 17465 | Orc:1    | Killed an orc warlord
 17692 | Orc:1    | Identified the Tome of the Oath
 17767 | Orc:1    | Found a burning altar of Makhleb.
 17901 | Orc:2    | Entered Level 2 of the Orcish Mines
 17938 | Orc:2    | Found a frozen archway.
 17958 | IceCv    | Entered an ice cave
 18197 | IceCv    | Received a gift from Okawaru
 18469 | Orc:2    | Reached XP level 15. HP: 146/146 MP: 20/20
 18509 | Orc:2    | Found Koja's Food Shoppe.
 18601 | Orc:2    | Noticed Erolcha
 18617 | Orc:2    | Killed Erolcha
 18724 | Orc:2    | Found Biaged's General Store.
 19069 | Orc:2    | Received a gift from Okawaru
 19151 | Orc:2    | Found Niyler's Antique Armour Shop.
 19151 | Orc:2    | Found a one-way gate leading to the halls of Pandemonium.
 19151 | Orc:2    | Found Tuudas's Book Boutique.
 19357 | Orc:2    | Found Awecsar's Book Shop.
 19574 | Orc:2    | Found a staircase to the Elven Halls.
 19597 | Orc:2    | Noticed Donald
 19604 | Orc:2    | Killed Donald
 19728 | D:12     | Noticed Sonja
 19735 | D:12     | Killed Sonja
 20032 | D:12     | Noticed Urug
 20040 | D:12     | Killed Urug
 20345 | D:12     | Found a glowing golden altar of the Shining One.
 20544 | D:13     | Reached skill level 10 in Armour
 21064 | D:13     | Received a gift from Okawaru
 21125 | D:13     | Noticed Snorg
 21139 | D:13     | Killed Snorg
 21581 | D:14     | Noticed Kirke
 21610 | D:14     | Noticed a sphinx
 21611 | D:14     | Killed Kirke
 21667 | D:14     | Reached XP level 16. HP: 156/156 MP: 21/21
 21699 | D:14     | Noticed Nessos
 21708 | D:14     | Killed Nessos
 21825 | D:14     | Found a gate to the Vaults.
 22168 | D:15     | Entered Level 15 of the Dungeon
 22333 | D:15     | Found a white marble altar of Elyvilon.
 22697 | D:15     | Found a staircase to the Depths.
 23199 | Depths:1 | Entered Level 1 of the Depths
 23534 | Depths:1 | Found a gateway to Hell.
 23597 | Depths:1 | Received a gift from Okawaru
 23762 | Depths:1 | Reached skill level 17 in Unarmed Combat
 25121 | Depths:2 | Received a gift from Okawaru
 25250 | Depths:2 | Reached XP level 17. HP: 122/162 MP: 15/22
 25703 | Depths:2 | Reached skill level 18 in Unarmed Combat
 25890 | Depths:2 | Reached skill level 15 in Shields
 26185 | Depths:2 | Received a gift from Okawaru
 26556 | Depths:2 | Reached skill level 10 in Fighting
 26817 | Depths:2 | Reached skill level 5 in Dodging
 26886 | Depths:2 | Received a gift from Okawaru
 28134 | Depths:3 | Reached XP level 18. HP: 171/179 MP: 20/23
 28142 | Depths:3 | Found a corrupted altar of Lugonu.
 28271 | Depths:3 | Received a gift from Okawaru
 28495 | Depths:3 | Learned a level 1 spell: Apportation
 28497 | Depths:3 | Learned a level 1 spell: Summon Butterflies
 28743 | Depths:3 | Found a one-way gate to the infinite horrors of the Abyss.
 28774 | Depths:3 | Found a gateway to a ziggurat.
 29797 | Spider:1 | Entered Level 1 of the Spider Nest
 29797 | Spider:1 | Noticed Jano's ghost (adept GrBe)
 29842 | Spider:1 | Killed Jano's ghost
 31847 | Spider:3 | Received a gift from Okawaru
 31852 | Spider:3 | Got a smoking large shield {god gift}
 31853 | Spider:3 | Identified the +0 large shield "Omuofekk" {rF- MR+ Int+9} (Okawaru gifted it to you on level 3 of the Spider Nest)
 32301 | Spider:4 | Entered Level 4 of the Spider Nest
 32562 | Spider:4 | Noticed Arachne
 32585 | Spider:4 | Killed Arachne
 32628 | Spider:4 | Reached XP level 19. HP: 193/193 MP: 24/24
 33382 | Spider:4 | Got a gossamer rune of Zot
 33597 | Shoals:1 | Entered Level 1 of the Shoals
 33765 | Shoals:1 | Received a gift from Okawaru
 33769 | Shoals:1 | Got an ancient cloak {god gift}
 33773 | Shoals:1 | Identified the +1 cloak of Okawaru's Benevolence {MR- Int+5} (Okawaru gifted it to you on level 1 of the Shoals)
 34923 | Shoals:3 | Noticed Ilsuiw
 34985 | Shoals:3 | Found Guiloumu's General Store.
 34985 | Shoals:3 | Found Teufy's Distillery.
 34998 | Shoals:3 | Bought a potion of haste for 180 gold pieces
 34998 | Shoals:3 | Bought a potion of heal wounds for 90 gold pieces
 35000 | Shoals:3 | Bought a potion of berserk rage for 80 gold pieces
 35000 | Shoals:3 | Bought a scroll of summoning for 152 gold pieces
 35104 | Shoals:3 | Killed Ilsuiw
 35198 | Shoals:3 | Found Liraecus's Book Shop.
 35335 | Shoals:3 | Found Haprehil's Armour Shop.
 35377 | Shoals:3 | Reached skill level 19 in Unarmed Combat
 35620 | Shoals:3 | Found Ninan's Distillery.
 35623 | Shoals:3 | Bought a potion of heal wounds for 95 gold pieces
 35623 | Shoals:3 | Bought a potion of resistance for 190 gold pieces
 35725 | Shoals:4 | Entered Level 4 of the Shoals
 35725 | Shoals:4 | Noticed Polyphemus
 35756 | Shoals:3 | Killed Polyphemus
 35756 | Shoals:3 | Received a gift from Okawaru
 36261 | Shoals:4 | Received a gift from Okawaru
 36449 | Shoals:4 | Reached XP level 20. HP: 150/204 MP: 18/25
 36459 | Shoals:4 | Got a barnacled rune of Zot
 36722 | Shoals:4 | Reached skill level 20 in Unarmed Combat
 37769 | Depths:4 | Noticed the Enchantress
 37805 | Depths:4 | Killed the Enchantress
 37816 | Depths:4 | Reached skill level 21 in Unarmed Combat
 37837 | Depths:4 | Got faerie dragon scales
 37838 | Depths:4 | Identified the +1 faerie dragon scales {rCorr Dex+3} (You took it off the Enchantress on level 4 of the Depths)
 38003 | Depths:4 | Received a gift from Okawaru
 38435 | Depths:4 | Noticed a golden dragon
 38456 | Depths:4 | Killed a golden dragon
 39199 | Depths:5 | Entered Level 5 of the Depths
 39306 | Depths:5 | Reached skill level 22 in Unarmed Combat
 39324 | Depths:5 | Found a magical portal.
 39376 | WizLab   | Entered The Chambers of the Cloud Mage
 39930 | WizLab   | Identified the Catalogue of Flight
 39935 | WizLab   | Identified the Compendium of the Birds
 40121 | Depths:5 | Reached XP level 21. HP: 202/213 MP: 23/26
 40169 | Depths:5 | Noticed a juggernaut
 40179 | Depths:5 | Killed a juggernaut
 40200 | Depths:5 | Found Ecoacvos's Antique Armour Shop.
 40201 | Depths:5 | Found Ehustel's Armour Shop.
 40201 | Depths:5 | Found Nanomatu's Antique Weapon Boutique.
 40204 | Depths:5 | Found Saniegay's Weapon Boutique.
 40232 | Depths:5 | Received a gift from Okawaru
 40673 | Depths:5 | Noticed a golden dragon
 40686 | Depths:5 | Killed a golden dragon
 40699 | Depths:5 | Found a gate to the Realm of Zot.
 41049 | Depths:5 | Received a gift from Okawaru
 41402 | Vaults:1 | Entered Level 1 of the Vaults
 41695 | Vaults:1 | Reached skill level 15 in Fighting
 41976 | Vaults:1 | Noticed Asterion
 41991 | Vaults:1 | Killed Asterion
 41998 | Vaults:1 | Found Coucval's Food Shoppe.
 42323 | Vaults:1 | Received a gift from Okawaru
 42544 | Vaults:1 | Reached XP level 22. HP: 227/227 MP: 27/27
 42693 | Vaults:1 | Noticed Nikola
 42702 | Vaults:1 | Killed Nikola
 42982 | Vaults:2 | Found a flickering gateway to a bazaar.
 42992 | Bazaar   | Entered a bazaar
 42992 | Bazaar   | Found Poegg's Antique Weapon Shop.
 42992 | Bazaar   | Found Gyts's Armour Emporium.
 42992 | Bazaar   | Found Touclytu's General Store.
 42992 | Bazaar   | Found Catal's Weapon Shoppe.
 42994 | Bazaar   | Found Figomias's Armour Boutique.
 42994 | Bazaar   | Found Cytaifask's Book Shoppe.
 43223 | Vaults:2 | Reached skill level 15 in Armour
 43256 | Vaults:2 | Found Titirug's Antique Armour Shoppe.
 43261 | Vaults:2 | Found Nosori's Food Shoppe.
 43296 | Vaults:2 | Found Toxahe's Weapon Shoppe.
 43514 | Vaults:2 | Received a gift from Okawaru
 44088 | Vaults:2 | Found a portal to a secret trove of treasure.
 44209 | Vaults:2 | Found Eqaellol's Antique Armour Boutique.
 44625 | Vaults:3 | Received a gift from Okawaru
 45457 | Vaults:3 | Received a gift from Okawaru
 45542 | Vaults:3 | Found a staircase to the Crypt.
 45542 | Vaults:3 | Found an ancient bone altar of Kikubaaqudgha.
 45543 | Vaults:3 | Found a basalt altar of Yredelemnul.
 45642 | Vaults:4 | Noticed Jorgrun
 45657 | Vaults:4 | Killed Jorgrun
 45918 | Vaults:4 | Reached XP level 23. HP: 241/241 MP: 28/28
 45949 | Vaults:4 | Reached skill level 10 in Dodging
 46109 | Vaults:4 | Noticed Boris
 46133 | Vaults:4 | Killed Boris
 46211 | Vaults:4 | Found Goqu's Food Shop.
 46398 | Vaults:4 | Received a gift from Okawaru
 46420 | Vaults:4 | Got a slimy large shield {god gift}
 46421 | Vaults:4 | Identified the +8 large shield of the Gardener {rF+ Str-5 Int+3 Dex+3} (Okawaru gifted it to you on level 4 of the Vaults)
 47028 | Vaults:5 | Entered Level 5 of the Vaults
 47447 | Vaults:5 | Noticed an ancient lich
 47864 | Vaults:5 | Received a gift from Okawaru
 48074 | Vaults:5 | Reached XP level 24. HP: 215/258 MP: 20/28
 48088 | Vaults:5 | Noticed Boris
 48111 | Vaults:5 | Killed Boris
 48111 | Vaults:5 | Received a gift from Okawaru
 48124 | Vaults:5 | Killed an ancient lich
 48212 | Vaults:5 | Received a gift from Okawaru
 49000 | Vaults:5 | Got a silver rune of Zot
 49324 | Vaults:5 | Identified Lom Lobon's Tome of Dislocation
 49331 | Vaults:5 | Identified the Grimoire of Toxins
 49760 | Crypt:1  | Entered Level 1 of the Crypt
 50676 | Crypt:2  | Received a gift from Okawaru
 50679 | Crypt:2  | Got a distressingly furry large shield {god gift}
 50680 | Crypt:2  | Identified the +4 large shield of Okawaru's Delight {rCorr Str+4 Dex+3} (Okawaru gifted it to you on level 2 of the Crypt)
 51325 | Crypt:3  | Entered Level 3 of the Crypt
 51386 | Crypt:3  | Reached XP level 25. HP: 273/273 MP: 28/28
 51443 | Crypt:3  | Found a basalt altar of Yredelemnul.
 51627 | Crypt:3  | Noticed Mara
 51630 | Crypt:3  | Noticed ThermosAquaticus's illusion
 51663 | Crypt:3  | Killed Mara
 51759 | Crypt:3  | Noticed Jory
 51762 | Crypt:3  | Found a staircase to the Tomb.
 51776 | Crypt:3  | Killed Jory
 52228 | Crypt:3  | Received a gift from Okawaru
 52498 | Crypt:3  | Identified the Incunabulum of Sinister Magic
 52942 | Elf:1    | Entered Level 1 of the Elven Halls
 52956 | Elf:1    | Reached skill level 1 in Evocations
 53048 | Elf:1    | Found Ostrewa's Food Shop.
 53186 | Elf:1    | Identified the Collected Works on Battle Magic
 53795 | Elf:2    | Found Vaduwath's Jewellery Emporium.
 53805 | Elf:2    | Bought the ring of Dim Light {+Inv rF+ rC+ Int+4} for 979 gold pieces
 53885 | Elf:2    | Found Gimp's Antique Weapon Shoppe.
 54097 | Elf:2    | Found a runed gate.
 54097 | Elf:2    | Found a runed gate.
 54097 | Elf:2    | Found a runed gate.
 54170 | Elf:2    | Received a gift from Okawaru
 54355 | Elf:2    | Reached skill level 10 in Invocations
 54668 | Elf:3    | Entered Level 3 of the Elven Halls
 54715 | Elf:3    | Reached skill level 5 in Evocations
 54958 | Elf:3    | Reached XP level 26. HP: 220/283 MP: 23/29
 55182 | Elf:3    | Got a flickering pewter ring
 55183 | Elf:3    | Identified the ring "Jerorile" {*Corrode rPois rF+ Str+2} (You took it off a deep elf death mage on level 3 of the Elven Halls)
 55300 | Elf:3    | Got a pitted granite ring
 55301 | Elf:3    | Identified the ring of Silisimu {*Corrode +Blink MR+ Int+4 Dex+4} (You took it off a deep elf mage on level 3 of the Elven Halls)
 55323 | Elf:3    | Got a scintillating ivory ring
 55324 | Elf:3    | Identified the ring "Rupluh" {+Fly rPois rC- MR++ Dex+4} (You took it off a deep elf demonologist on level 3 of the Elven Halls)
 55342 | Elf:3    | Identified Sif Muna's Last Incunabulum of the Greatest Mummy
 56185 | Zot:1    | Entered Level 1 of the Realm of Zot
 56209 | Zot:1    | Received a gift from Okawaru
 57021 | Zot:2    | Reached skill level 10 in Evocations
 57449 | Zot:2    | Received a gift from Okawaru
 58024 | Zot:3    | Reached XP level 27. HP: 258/291 MP: 23/30
 58559 | Zot:3    | Received a gift from Okawaru
 59536 | Zot:4    | Identified Sif Muna's Papyrus of Feathers and Combat Magic
 59587 | Zot:4    | Received a gift from Okawaru
 59729 | Zot:5    | Entered Level 5 of the Realm of Zot
 60047 | Zot:5    | Reached skill level 15 in Dodging
 60165 | Zot:5    | Noticed an ancient lich
 60175 | Zot:5    | Noticed an orb of fire
 60181 | Zot:5    | Gained mutation: You are dopey. (Int -2) [an orb of fire]
 60189 | Zot:5    | Killed an orb of fire
 60200 | Zot:5    | Killed an ancient lich
 60202 | Zot:5    | Received a gift from Okawaru
 60217 | Zot:5    | Noticed an ancient lich
 60233 | Zot:5    | Noticed an orb of fire
 60233 | Zot:5    | Killed an ancient lich
 60240 | Zot:5    | Noticed an ancient lich
 60241 | Zot:5    | Noticed an ancient lich
 60242 | Zot:5    | Noticed an ancient lich
 60250 | Zot:5    | Killed an orb of fire
 60255 | Zot:5    | Killed an ancient lich
 60257 | Zot:5    | Killed an ancient lich
 60260 | Zot:5    | Killed an ancient lich
 60308 | Zot:5    | Noticed an ancient lich
 60318 | Zot:5    | Killed an ancient lich
 60332 | Zot:5    | Noticed an ancient lich
 60351 | Zot:5    | Killed an ancient lich
 60367 | Zot:5    | Received a gift from Okawaru
 60421 | Zot:5    | Noticed an ancient lich
 60443 | Zot:5    | Killed an ancient lich
 60622 | Zot:5    | Got the Orb of Zot
 61010 | Depths:1 | Noticed Ulukhyjosch the pandemonium lord
 61030 | Depths:1 | Killed Ulukhyjosch the pandemonium lord
 61030 | Depths:1 | Received a gift from Okawaru
 61544 | D:$      | Escaped with the Orb!

Vault maps used:
D:1:      matt_arrival_diagonals
D:2:      overflow_temple_1_default, chequers_ecumenical_altar_island,
          uniq_crazy_yiuf_cottage
D:3:      first_bread, bh_walls_and_bars
D:4:      minitemple, uniq_robin, uniq_duvessa
D:5:      wad_crossroads, overflow_temple_1_default, uniq_blork_the_orc,
          uniq_eustachio
D:6:      hangedman_decor_peaks_small
D:8:      kennysheep_mini_moat, minmay_lair_entry_lava
D:9:      nicolae_whirlpool, kennysheep_little_box
D:10:     minmay_shrinking_squares, basic_altar, blue_anna_alchemist
D:11:     david_orc_5, serial_shops, shop, shop,
          lemuel_mausoleum_altar_yredelemnul, uniq_gastronok, uniq_erica,
          uniq_fannar, uniq_maurice
D:12:     nicolae_tso_swordbearing_angel, uniq_urug, uniq_sonja
D:13:     minmay_another_anthill, uniq_snorg
D:14:     david_vaults_5, uniq_nessos, uniq_kirke
D:15:     grunt_enter_depths_magical_seal, elyvilon_altar_5, hive_lemuel
Temple:   cyrus_circular_temple
Lair:1:   uniq_nergalle
Lair:2:   statuecave_lemuel, nicolae_spider_entry_tight_spaces, basic_altar,
          pond
Lair:3:   minmay_shoals_entry_hut, minmay_lair_oklob_chamber,
          serial_bayou_shore_b, lemuel_fruit_tree
Lair:4:   eino_small_chamber_without_monster, grunt_megastairs_1, uniq_josephine
Lair:5:   beast_lair_carwin_1, lemuel_fruit_fields
Lair:6:   due_jungle_book, slime_altar_1, kilobyte_rumbling_trees
Shoals:3: serial_shops, shop, shop, shop, nicolae_shop_behind_doors, shop,
          nicolae_shoals_undead_eyrie, uniq_ilsuiw
Shoals:4: shoals_end_hangedman, shoals_ilsuiw_alternative, overgrown_statue,
          uniq_polyphemus
Spider:4: spider_rune_water, special_room, spiders_nest_the_unseen, uniq_arachne
Orc:1:    basic_altar, minmay_orc_treasury
Orc:2:    pf_orc_diabolical, portal_ice_cave_entry_ice_beasts, serial_shops,
          shop, uniq_donald, uniq_erolcha
Elf:1:    minmay_elf_arrival_plus, serial_shops, shop_statue,
          minmay_elf_annihilation
Elf:2:    serial_shops, shop, shop
Elf:3:    minmay_elf_hall_curves
Vaults:1: nicolae_vaults_circle_grid_b, grunt_vaults_focal, vaults_dpeg_hooks,
          nicolae_vaults_border_crossing, vaults_room_boxed, v_rooms_5,
          serial_shops, shop, uniq_nikola, uniq_asterion
Vaults:2: nicolae_vaults_yaktaur_gun_rack, nicolae_vaults_arrows,
          ontoclasm_vaults_shuriken, v_pattern_4, hangedman_vaults_maws,
          nicolae_vaults_three_branches, hangedman_vaults_hard_town_square,
          v_alt_pattern_5, hangedman_vaults_corner_blocks,
          nicolae_trove_entry_columns, serial_shops, bzr_entry_water,
          nicolae_shop_trees
Vaults:3: v_rooms_5, vaults_dpeg_cross, minmay_crypt_entry_necro_gods,
          vaults_standard_mumra_lines, nicolae_vaults_diagonal_hallway_8,
          vaults_mumra_bighexcomb, v_misc_25, nicolae_vaults_big_angled_halls,
          vaults_mumra_hexcomb, nicolae_vaults_ninety_degrees,
          hangedman_vaults_restitches, ontoclasm_vaults_twist,
          nicolae_vaults_little_squares_1, v_misc_18
Vaults:4: nicolae_vaults_theta, nicolae_vaults_network_periphery,
          vaults_dpeg_spiral, vaults_dpeg_diagonal, vaults_room_pool, v_misc_11,
          v_misc_5, v_pattern_5, dpeg_vaults_monster_box,
          grunt_vaults_trifunnel, nicolae_vaults_little_squares_6,
          vaults_dpeg_ring, nicolae_vaults_little_squares_3, serial_shops, shop,
          uniq_jorgrun, uniq_boris
Vaults:5: uniq_boris
Crypt:1:  minmay_misc_feat_rows, columned_hall_lemuel,
          roderic_lattice_octagonal_star, grunt_crypt_arrival_webbed
Crypt:2:  st_stairs_12, nicolae_crypt_soggy_tomb
Crypt:3:  grunt_crypt_end_deaths_head, uniq_mara
Depths:1: kennysheep_spiral_hall, hell_entry, minmay_misc_feat_secret_circle,
          nrook_pool_corridor, grunt_ministairs_2, lemuel_old_faithful
Depths:2: minmay_two_paths, pf_hell_entry_tar_spiral, rand_demon_pan_entry_8,
          corexii_leaking_fountain, grunt_megastairs_2,
          infiniplex_staircase_zigzag_2, serial_bayou_shore_a
Depths:3: due_chaos_kobolds, enter_ziggurat_e, pf_coc_iceberg,
          rand_demon_pan_entry_1, minmay_misc_feat_nine_boxes,
          infiniplex_staircase_diamond
Depths:4: minmay_outward_triangles, grunt_hell_entry_dis_mu, abyss_entry,
          minmay_misc_feat_iff, kennysheep_generic_room_6,
          infiniplex_staircase_pillars_3b, uniq_enchantress
Depths:5: grunt_zot_entry_alcove, abyss_entry, lightli_enter_wizlab_magi_temple,
          hellmouth_1, minmay_shoptagon
Zot:2:    grunt_ministairs_4
Zot:3:    basic_stair_grate_trap, lemuel_elevator, grunt_megastairs_3
Zot:5:    st_stairs_7
Bazaar:   bazaar_minmay_generic_island
IceCv:    ice_cave_small_dragons
WizLab:   wizlab_cloud

Skill      XL: |  1  2  3  4  5  6  7  8  9 10 11 12 13 14 15 16 17 18 19 20 21 22 23 24 25 26 27 |
---------------+----------------------------------------------------------------------------------+-----
Unarmed Combat | 4 5 7 8 9 11 12 13 14 15 16 17 18 19 22 | 22.0
Fighting       | 4 6 7 9 11 13 15 16 18 19 20 | 20.3
Invocations    | 4 6 7 9 10 11 | 11.0
Armour         | 2 6 8 10 11 12 14 15 18 | 18.1
Shields        | 8 11 13 14 15 16 17 19 | 19.8
Dodging        | 6 8 9 12 13 16 | 16.4
Evocations     | 5 11 | 11.1
Stealth        | |  1.0

Action                   |  1- 3 |  4- 6 |  7- 9 | 10-12 | 13-15 | 16-18 | 19-21 | 22-24 | 25-27 || total
-------------------------+-------+-------+-------+-------+-------+-------+-------+-------+-------++-------
Melee: Unarmed           |    87 |    77 |   330 |   548 |  1666 |  1798 |  2144 |  2023 |  2447 || 11120
       Punch             |       |     1 |    13 |    26 |       |       |       |       |       ||    40
Invok: Heroism           |       |       |     1 |     9 |    15 |    14 |    21 |    16 |    15 ||    91
       Finesse           |       |       |       |       |       |     1 |     2 |     1 |     2 ||     6
Evoke: Wand              |       |       |       |    12 |     7 |     2 |       |       |     2 ||    23
  Use: Scroll            |       |     4 |     4 |    23 |     6 |     5 |    12 |     9 |     9 ||    72
       Potion            |       |       |     2 |     4 |     1 |     2 |     1 |     2 |     2 ||    14
 Stab: Sleeping          |     3 |     1 |     3 |     4 |     5 |     2 |       |       |       ||    18
       Paralysed         |       |       |       |       |     2 |       |       |       |       ||     2
       Distracted        |       |       |       |       |     1 |       |       |       |       ||     1
       Petrified         |       |       |       |       |       |       |     7 |       |       ||     7
  Eat: Chunk             |    14 |    14 |    31 |    58 |    91 |    99 |    90 |    62 |    85 ||   544
       Pizza             |       |       |       |       |       |       |     1 |       |       ||     1
       Beef jerky        |       |       |       |       |       |       |       |     3 |     3 ||     6
       Royal jelly       |       |       |       |       |       |       |       |     2 |       ||     2
Armor: Robe              |    25 |    12 |    83 |    88 |    27 |       |       |       |       ||   235
       Skin              |       |       |       |    61 |       |       |       |       |       ||    61
       Steam dragon scal |       |       |       |       |   205 |   228 |       |       |       ||   433
       Fire dragon scale |       |       |       |       |       |   210 |   446 |       |       ||   656
       Gold dragon scale |       |       |       |       |       |       |   336 |   473 |   530 ||  1339
Dodge: Dodged            |    37 |    31 |   137 |   160 |   184 |   393 |   496 |   250 |   621 ||  2309
Block: Large shield      |       |       |       |   158 |  1155 |  1665 |  2313 |  1679 |  2304 ||  9274
